AoeStats
← TheGreatKING

Black Forest

510175427Analyzed
2v2 RM · 3d ago on Sep 29, 2026· 55m 11s· 4 players
Game mode
Random Map
Map size
Medium (4 player)
Population
200
Speed
Normal
Resources
Standard
Victory
Conquest
Starting age
Dark Age
Ending age
Imperial Age
RankedLock teamsTeams togetherTeam positionsShared explorationLock speedFull tech treeHidden civsTurbo modeCheats
Victory
Defeat
🇹🇷 Turks · Türkiye
1064
+16
🇹🇷 Gurjaras · Türkiye
1044
+17
🇨🇿 Khmer · Czechia
1068
-17
🇨🇿 Persians · Czechia
1060
-16
1Q
1:50 Loom
11:57 Feudal Age
12:24 Double-Bit Axe
16:10 Horse Collar
16:49 Stone Mining
16:51 Gold Mining
19:41 Castle Age
17:26 Fishing Lines
20:37 Bow Saw
21:01 Gillnets
23:46 Town Watch
24:07 Heavy Plow
28:39 Imperial Age
27:28 Kshatriyas
28:14 Wheelbarrow
28:35 Ballistics
30:31 Chemistry
30:00 Frontier Guards
30:15 Conscription
30:23 Conscription
29:26 Onager
30:40 Caravan
33:14 Masonry
34:04 Bloodlines
33:55 Husbandry
34:49 Murder Holes
34:30 Heavy Camel Rider
35:17 Scale Barding Armor
35:23 Forging
36:08 Frontier Guards
37:32 Chain Barding Armor
37:48 Iron Casting
37:32 Town Patrol
37:48 Hand Cart
44:38 Plate Barding Armor
45:54 Elite Shrivamsha Rider
47:39 Fletching
47:50 Light Cavalry
48:43 Hussar
51:07 Elite Chakram Thrower
51:59 Padded Archer Armor
53:29 Leather Archer Armor
53:10 Bodkin Arrow
TheGreatKING
0:26 Loom
13:07 Feudal Age
13:32 Double-Bit Axe
20:04 Castle Age
19:16 Gold Mining
26:36 Imperial Age
34:54 Ballistics
41:47 Caravan
41:48 Fishing Lines
43:49 Artillery
43:44 Horse Collar
44:49 Bow Saw
44:48 Scale Barding Armor
44:54 Forging
45:55 Heavy Plow
47:17 Wheelbarrow
53:15 Town Watch
53:50 Hand Cart
wajtovskej
0:34 Loom
11:28 Feudal Age
12:47 Wheelbarrow
12:11 Double-Bit Axe
17:44 Castle Age
16:50 Bloodlines
17:22 Stone Mining
19:07 Husbandry
19:16 Scale Barding Armor
22:24 Horse Collar
23:53 Gold Mining
28:01 Kamandaran
37:08 Imperial Age
35:15 Bloodlines
35:57 Light Cavalry
38:07 Chain Barding Armor
44:37 Heavy Plow
44:53 Bow Saw
46:19 Hand Cart
46:37 Cavalier
49:53 Plate Barding Armor
Martin R.
0:34 Loom
10:46 Feudal Age
11:36 Double-Bit Axe
16:00 Castle Age
14:16 Horse Collar
17:36 Wheelbarrow
17:14 Bow Saw
18:52 Town Watch
20:10 Heavy Plow
22:25 Gold Mining
22:34 Stone Mining
28:40 Imperial Age
26:50 Fletching
28:34 Bloodlines
28:25 Husbandry
27:45 Light Cavalry
28:49 Heavy Scorpion
30:32 Conscription
30:51 Double Crossbow
31:38 Scale Barding Armor
31:48 Forging
33:21 Hussar
36:26 Chain Barding Armor
37:21 Ballistics
37:36 Siege Engineers
43:13 Chemistry
43:29 Plate Barding Armor
45:52 Scale Mail Armor
46:14 Pikeman
47:57 Chain Mail Armor
48:03 Halberdier
54:58 Crop Rotation
Connection lost

Rejoining the realm…

Still unreachable

The connection could not be restored.

Session expired

The server has moved on; the page needs a fresh start.